 Dungeon Crawl Stone Soup version 0.29.1-15-g9cfb28693d (console) character file.

Game seed: 13766251917172682936

483 Goreval the Cudgeller (level 6, -2/61 HPs)
             Began as a Troll Gladiator on Feb 28, 2023.
             Slain by a gnoll
             ... wielding a +0 flail
              (6 damage)
             ... on level 4 of the Dungeon on Mar 3, 2023.
             The game lasted 00:07:30 (2769 turns).

Goreval the Cudgeller (Troll Gladiator)             Turns: 2769, Time: 00:07:31

Health: -2/61      AC:  6    Str: 25    XL:     6   Next: 88%
Magic:  5/5        EV: 11    Int:  4    God:
Gold:   29         SH:  5    Dex: 17    Spells: 5/5 levels left

rFire   + . .      SeeInvis .   B - +0 giant spiked club
rCold   . . .      Faith    .   (shield currently unavailable)
rNeg    + . .      Spirit   .   w - +1 robe "Piuts" {rF+ Regen+}
rPois   .          Reflect  +   c - +0 hat
rElec   .          Harm     .   k - +0 cloak
rCorr   .          Rampage  .   (gloves unavailable)
Will    .....                   (boots unavailable)
Stlth   ++........              y - amulet of reflection
HPRegen 1.80/turn               s - +6 ring of dexterity
MPRegen 0.09/turn               v - ring of positive energy

@: no status effects
A: large, unfitting armour, claws 3, regeneration 1, shaggy fur 1, tough skin 1
a: no special abilities


You were on level 4 of the Dungeon.
You visited 2 branches of the dungeon, and saw 5 of its levels.

You collected 249 gold pieces.
You spent 220 gold pieces at shops.

Inventory:

Hand Weapons
 a - a +0 flail
 B - a +0 giant spiked club (weapon)
Missiles
 d - 3 throwing nets
 e - a large rock
 i - 44 stones (quivered)
 l - 15 poisoned darts
 r - 6 boomerangs
 C - 6 javelins
Armour
 c - a +0 hat (worn)
 k - a +0 cloak (worn)
 w - the +1 robe "Piuts" (worn) {rF+ Regen+}
   (You bought it in a shop on level 3 of the Dungeon)

   rF:        It protects you from fire.
   Regen:     It increases your rate of health regeneration.
Jewellery
 s - a +6 ring of dexterity (left claw)
 v - a ring of positive energy (right claw)
 y - an amulet of reflection (around neck)
 A - a ring of protection from fire
Scrolls
 b - 3 scrolls of enchant armour {unknown}
 f - a scroll of torment {unknown}
 g - 6 scrolls of identify {unknown}
 j - a scroll of vulnerability {unknown}
 m - a scroll of amnesia {unknown}
 p - a scroll of summoning {unknown}
 q - a scroll of brand weapon {unknown}
 t - 2 scrolls of teleportation {unknown}
Potions
 h - a potion of degeneration {unknown}
 n - 3 potions of flight
 o - 2 potions of curing {unknown}
 u - a potion of might {unknown}
 x - a potion of haste {unknown}
 z - 2 potions of lignification


   Skills:
 + Level 3.3 Fighting
 * Level 5.4 Maces & Flails
 - Level 1.7 Throwing
 + Level 3.8 Dodging


You had 5 spell levels left.
You didn't know any spells.
Your spell library contained the following spells:

 Spells                   Type           Power      Damage    Failure   Level
 Magic Dart               Conj           0%         1d3       50%         1
 Searing Ray              Conj           0%         2d4       65%         2
 Fulminant Prism          Conj/Hex       0%         3d6       99%         4


Dungeon Overview and Level Annotations

Branches:
Dungeon (4/15) Zot: 21355  Temple (1/1) D:4 Zot: 5814

Altars:
Ashenzari
Cheibriados
Dithmenos
Fedhas
Gozag
Kikubaaqudgha
Makhleb
Nemelex Xobeh
Qazlal
Ru
Sif Muna
Trog
Uskayaw
Vehumet
Wu Jian
Xom
Yredelemnul
Zin
The Shining One

Shops:
D:3 [*

Annotations:
D:3 3 runed translucent doors, vampirul's ghost, amateur DrAE


Innate Abilities, Weirdness & Mutations

You are too large for most types of armour.
You have claws for hands.
Your natural rate of healing is unusually fast.
You are covered in fur. (AC +1)
You have tough skin. (AC +1)


Message History

You are too injured to fight recklessly!
You are too injured to fight recklessly!
Unknown command.
You bludgeon the hound!!
You kill the hound!
The gnoll barely misses you. The gnoll barely misses you.
Things that are here:
a +0 club; a hound corpse; a goblin corpse The gnoll hits you but does no damage.
You sock the gnoll! The gnoll barely misses you.
The gnoll hits you with a +0 whip. The gnoll hits you but does no damage.
The gnoll hits you from afar with a +0 halberd.
You bludgeon the gnoll!!
You kill the gnoll!
You block the gnoll's attack.
You closely miss the gnoll.
You block the gnoll's attack. x2; The gnoll hits you with a +0 club.
The gnoll closely misses you.
You barely miss the gnoll. The gnoll closely misses you.
The gnoll hits you with a +0 club. The gnoll closely misses you.
The gnoll hits you with a +0 club.
You closely miss the gnoll. The gnoll misses you. You block the gnoll's attack.
You barely miss the gnoll. The gnoll closely misses you. x2
The gnoll hits you from afar with a +0 halberd!
You block the gnoll's attack.
You bludgeon the gnoll!!
You kill the gnoll!
You block the gnoll's attack.
You closely miss the gnoll. The gnoll misses you.
The gnoll hits you from afar with a +0 halberd!
The gnoll hits you from afar with a +0 halberd.
* * * LOW HITPOINT WARNING * * *
The gnoll hits you with a +0 flail.
* * * LOW HITPOINT WARNING * * *
You completely miss the gnoll. The gnoll hits you with a +0 flail!
* * * LOW HITPOINT WARNING * * *
The gnoll hits you from afar with a +0 halberd.
* * * LOW HITPOINT WARNING * * *
Okay, then.
The gnoll attacks as you move away! The gnoll hits you with a +0 flail.
You die...

#.# ..# ######## ###### .#.# #......#
......#.#.# #......# ........#.#
#......# #...#.##.# #......#
#...##.###......# ### #........†......#
.. ##### ....###.....###......# ...
#...# ## ###.........###......#
#.###...#... .....##.##.........#.#
#..##...#.#######.###.###..####..#.#
##...#....... ...............# ####..
#.?#.#...#.# #####.#.####.#.# ##.
##.##.......# #...# #.#.# #.
#.@##.......## ##.## #.#.## ##
#g###....##...# ##.# #....# ####
#)###.##.####..#####..# ##.#.####...
#.....##...###..#.....######.#..##...#
##..#).####..# #..÷###.).##...##....###
#...#..# ##.###..#####.....#.......#
#..##..# #..##....# #.........##..###
....##..# ##..#.##.###....._.......##.
.h###.#...##
##.#.##..##.........###.... ..g
##.#.#..######...###........#...# ###..
..
...................#............#####..
.
##..####..#####.....................#.#
... ##..# #.###..##..#######<##....
####.####.#......#...####....#..#
#[..........####...............#.
#<.........##.....##....#.>..###.
#.....>...#...###.##....#....##8.
#...........### #.##....#....#.>.
###.####...## #..#..[.#....#.8#
#..####.#########......#....#.##
#.###.........................##
#####.###########..####....#........
#.................## #....######.##
#.....[############ ###### #...
#.....## #### #######


You could see a gnoll.

Vanquished Creatures
  Menkaure (D:4)
  An ice beast (D:4)
  An ogre (D:4)
  An iguana (D:4)
  2 hounds (D:4)
  2 gnolls (D:4)
  2 adders
  4 dart slugs
  An orc (D:3)
  4 endoplasms
  3 giant cockroaches
  6 goblins
  4 hobgoblins
  2 jackals (D:2)
  4 quokkas
  10 ball pythons
  8 bats
  3 frilled lizards
  5 kobolds
  4 rats
68 creatures vanquished.

Vanquished Creatures (others)
  3 fungi (D:3)
  A plant (D:3)
4 creatures vanquished.

Grand Total: 72 creatures vanquished

Notes
Turn   | Place    | Note
-------+----------+-------------------------------------------
     0 | D:1      | Goreval the Troll Gladiator began the quest for the Orb.
     0 | D:1      | Reached XP level 1. HP: 19/19 MP: 0/0
   137 | D:1      | Reached skill level 3 in Maces & Flails
   173 | D:1      | Reached XP level 2. HP: 28/28 MP: 1/1
   779 | D:2      | Reached XP level 3. HP: 34/35 MP: 2/2
  1470 | D:2      | Found an ancient bone altar of Kikubaaqudgha.
  1805 | D:3      | Found a runed translucent gate.
  1805 | D:3      | Found a runed translucent gate.
  1805 | D:3      | Found a runed translucent gate.
  1806 | D:3      | Noticed a kobold brigand
  1809 | D:3      | Noticed vampirul's ghost (amateur DrAE)
  1881 | D:3      | Found Denidio's Antique Armour Shop.
  1898 | D:3      | Bought a dull robe for 148 gold pieces
  1898 | D:3      | Identified the +1 robe "Piuts" {rF+ Regen+} (You bought it
                  | in a shop on level 3 of the Dungeon)
  1931 | D:3      | Reached XP level 4. HP: 41/42 MP: 3/3
  1954 | D:3      | Found Watu's General Store.
  1962 | D:3      | Bought a potion of lignification for 36 gold pieces
  1962 | D:3      | Bought a potion of flight for 36 gold pieces
  2217 | D:4      | Identified the +2 pair of boots of Bad Feelings {rF+ Dex-5
                  | Stlth+}
  2255 | D:4      | Noticed an ice beast
  2269 | D:4      | Killed an ice beast
  2270 | D:4      | Reached skill level 4 in Maces & Flails
  2270 | D:4      | Reached XP level 5. HP: 41/50 MP: 4/4
  2279 | D:4      | Found a blossoming altar of Fedhas.
  2294 | D:4      | Noticed an ogre
  2300 | D:4      | Killed an ogre
  2333 | D:4      | Reached XP level 6. HP: 59/59 MP: 5/5
  2376 | D:4      | Found a staircase to the Ecumenical Temple.
  2382 | Temple   | Entered the Ecumenical Temple
  2634 | D:4      | Noticed Menkaure
  2643 | D:4      | Killed Menkaure
  2644 | D:4      | Reached skill level 5 in Maces & Flails
  2767 | D:4      | HP: 3/61 [gnoll/+0 halberd (2)]
  2769 | D:4      | Slain by a gnoll

Illustrated notes

Levels and vault maps discovered:
D:1:      ebering_hopf_link, layout_basic
D:2:      layout_basic, basic_altar, minmay_pentomino_z4
D:3:      layout_rooms, gammafunk_ghost_nasty_kobolds, serial_shops, shop,
          nicolae_diamond_shop
D:4:      layout_rooms, mainiacjoe_overflow_tiny_flanked, temple_statues,
          kennysheep_small_spiral, uniq_menkaure, uniq_sigmund
Temple:   bh_familiar_temple

Skill      XL: |  1  2  3  4  5  6 |
---------------+-------------------+-----
Maces & Flails | 3 4 5 |  5.4
Fighting       | 2 3 |  3.3
Dodging        | 3 |  3.8
Throwing       | |  1.7

Action                   |  1- 3 |  4- 6 || total
-------------------------+-------+-------++-------
Melee: Flail             |   141 |    14 ||   155
       Giant spiked club |       |    45 ||    45
Throw: Stone             |    18 |     6 ||    24
 Stab: Sleeping          |     1 |       ||     1
Armor: Robe              |    75 |    24 ||    99
Dodge: Dodged            |    81 |    39 ||   120
Block: Other             |       |    20 ||    20
